AoeStats
← Dr. Daniel Jackson

Arabia

511000438Analyzed
2v2 RM · 7h ago on Oct 3, 2026· 62m 16s· 4 players
Game mode
Random Map
Map size
Medium (4 player)
Population
200
Speed
Normal
Resources
Standard
Victory
Conquest
Starting age
Dark Age
Ending age
Imperial Age
RankedLock teamsTeams togetherTeam positionsShared explorationLock speedFull tech treeHidden civsTurbo modeCheats
Victory
Defeat
🇹🇷 Portuguese · Türkiye
531
+19
🇫🇷 Burgundians · France
518
+20
🇦🇺 Malians · Australia
629
-20
🇧🇷 Romans · Brazil
582
-19
Gojira
0:47 Loom
16:05 Feudal Age
14:54 Stone Mining
14:54 Gold Mining
14:48 Horse Collar
17:17 Double-Bit Axe
20:16 Heavy Plow
24:27 Castle Age
24:04 Bow Saw
23:36 Man-at-Arms
25:12 Long Swordsman
26:20 Fervor
26:19 Treadmill Crane
26:34 Murder Holes
28:14 Ballistics
31:27 Wheelbarrow
30:37 Town Watch
34:37 Imperial Age
33:18 Burgundian Vineyards
34:56 Two-Handed Swordsman
36:47 Chemistry
35:37 Cavalier
36:18 Husbandry
37:19 Hand Cart
37:05 Champion
38:23 Conscription
41:35 Town Patrol
42:29 Elite Coustillier
akgun_demirtas_96
0:35 Loom
10:11 Feudal Age
10:45 Double-Bit Axe
10:44 Horse Collar
12:06 Wheelbarrow
17:35 Gold Mining
17:36 Stone Mining
22:23 Castle Age
23:20 Bow Saw
23:30 Hand Cart
23:29 Heavy Plow
27:22 Circumnavigation
29:50 Stone Shaft Mining
41:27 Imperial Age
44:38 Crop Rotation
45:13 Two-Man Saw
44:07 Sappers
44:58 Conscription
45:45 Elite Organ Gun
49:47 Arquebus
55:35 Cavalier
56:15 Husbandry
56:26 Bloodlines
55:36 Light Cavalry
Med
3:21 Loom
11:13 Feudal Age
11:46 Town Watch
12:53 Double-Bit Axe
17:51 Stone Mining
17:53 Gold Mining
23:25 Castle Age
23:08 Bloodlines
23:30 Pikeman
24:13 Squires
26:31 Crossbowman
28:26 Horse Collar
28:18 Light Cavalry
30:55 Wheelbarrow
30:49 Murder Holes
31:42 Gold Shaft Mining
31:34 Bow Saw
31:38 Heavy Plow
32:16 Caravan
36:19 Imperial Age
38:12 Chemistry
37:24 Masonry
37:46 Conscription
39:19 Heavy Scorpion
41:38 Ballistas
41:39 Husbandry
43:38 Comitatenses
Dr. Daniel Jackson
10:43 Loom
12:39 Feudal Age
15:32 Double-Bit Axe
15:42 Town Watch
16:40 Wheelbarrow
20:08 Man-at-Arms
25:29 Forging
25:20 Scale Mail Armor
28:43 Horse Collar
30:19 Fletching
33:33 Castle Age
33:36 Padded Archer Armor
34:28 Squires
33:49 Long Swordsman
33:49 Pikeman
34:37 Thumb Ring
33:53 Crossbowman
33:53 Elite Skirmisher
35:53 Stone Mining
36:06 Heavy Plow
36:20 Bow Saw
Connection lost

Rejoining the realm…

Still unreachable

The connection could not be restored.

Session expired

The server has moved on; the page needs a fresh start.